 Dungeon Crawl Stone Soup version 0.31-a0-1183-gd88bbb8b4d (webtiles) character file.

Game seed: 12743779225422034034

179 qw the Shooter (level 5, 0/32 HPs)
             Began as a Gargoyle Hunter on Dec 11, 2023.
             Slain by an orc wizard
             ... wielding a +0 dagger
              (1 damage)
             ... on level 3 of the Dungeon.
             The game lasted 00:01:01 (2379 turns).

qw the Shooter (Gargoyle Hunter)                    Turns: 2379, Time: 00:01:01

Health: 0/32       AC: 14    Str: 15    XL:     5   Next: 59%
Magic:  5/5        EV: 11    Int:  9    God:
Gold:   170        SH:  0    Dex: 15    Spells: 4/4 levels left

rFire   . . .        a - +0 shortbow
rCold   . . .        (shield currently unavailable)
rNeg    + . .        b - +1 ring mail
rPois   inf          (no helmet)
rElec   +            d - +2 cloak
rCorr   .            e - +0 pair of gloves
SInv    .            (no boots)
Will    .....        (no amulet)
Stlth   +            (no ring)
HPRegen 0.25/turn    (no ring)
MPRegen 0.09/turn

%: no passive effects
@: no status effects
A: sickness immunity, AC +4, negative energy resistance 1, electricity
resistance, torment resistance 1, petrification resistance
a: no special abilities


You were on level 3 of the Dungeon.
You visited 1 branch of the dungeon, and saw 4 of its levels.

You collected 170 gold pieces.


Innate Abilities, Weirdness & Mutations

You are immune to sickness and miasma.
Your stone body is resilient. (AC +4)
You are immune to poison.
You resist negative energy. (rN+)
You are resistant to electric shocks. (rElec)
You are resistant to unholy torment.
You are immune to petrification.


   Skills:
 + Level 3.6 Fighting
 - Level 6.0 Ranged Weapons
 - Level 1.0 Armour
 - Level 1.5 Dodging
 - Level 1.1 Stealth


You had 4 spell levels left.
You didn't know any spells.
Your spell library was empty.

Inventory:

Hand Weapons
 a - a +0 shortbow (weapon)
Armour
 b - a +1 ring mail (worn)
 d - a +2 cloak (worn)
 e - a +0 pair of gloves (worn)
Potions
 c - a potion of resistance
 f - 3 potions of curing
 h - 2 potions of might
 j - a potion of haste
 k - a potion of cancellation

Dungeon Overview and Level Annotations

Branches:
Dungeon (4/15)
 Temple: D:4-7

Altars:

Shops:
D:1 (   D:4 [


Message History

The orc barely misses you.
You shoot an arrow. The arrow completely misses the goblin.
The goblin hits you with a +0 club. Something hits you but does no damage.
The orc closely misses you.
You shoot an arrow. The arrow closely misses the goblin.
The goblin closely misses you. Something completely misses you.
The orc barely misses you.
You shoot an arrow.
The arrow hits the goblin but does no damage.
The goblin barely misses you.
You hear some strange, mumbled words.
Something tries to affect you, but you resist.
The orc closely misses you. The goblin hits you but does no damage.
Something completely misses you. The orc hits you but does no damage.
You shoot an arrow. The arrow closely misses the goblin.
The goblin hits you but does no damage. Something hits you but does no damage.
The orc hits you but does no damage.
You shoot an arrow. The arrow barely misses the goblin.
The goblin hits you but does no damage. Something hits you but does no damage.
The orc hits you with a +0 club.
You shoot an arrow. The arrow hits the goblin!
You kill the goblin!
Something hits you. The orc hits you but does no damage.
You shoot an arrow. The arrow hits the orc.
The orc is almost dead.
Something hits you but does no damage. The orc hits you but does no damage.
You shoot an arrow. The arrow barely misses the orc.
You hear some strange, mumbled words.
A puff of flame appears from out of thin air!
The puff of flame hits you but does no damage.
The orc hits you but does no damage. Something hits you but does no damage.
The orc barely misses you.
You shoot an arrow. The arrow hits the orc.
You kill the orc!
Something hits you but does no damage.
You shoot an arrow. Something hits you.
You shoot an arrow. Something hits you.
You die...

#...###.####...........
#.....#.##.............
#.....'.##.##..........
#.....##...##.........#
#.....##.####.......###
#.....##.# #.......#
#.....##.# #.......#
#....))#.# #.......#
#....)@{.# #.......# #
##########[########'#.#####
#..........#.....##.#.....+
#..........#.###.##.#######
#..........#.# #.##.......#
#..........#.###.########.#
#..........#.<.#.# #.#
#..........###.#.# #.#
#..........#<#.#.# #.#


There were no monsters in sight!

Vanquished Creatures
  A scorpion (D:3)
  3 gnolls (D:3)
  2 adders (D:2)
  A worm (D:2)
  A dart slug (D:1)
  3 orcs
  5 ball pythons
  6 bats
  4 endoplasms
  3 giant cockroaches
  6 goblins
  4 hobgoblins (D:1)
  5 jackals
  7 kobolds
  A quokka (D:1)
  5 frilled lizards
  4 rats
61 creatures vanquished.

Notes
Turn   | Place    | Note
-------+----------+-------------------------------------------
     0 | D:1      | qw the Gargoyle Hunter began the quest for the Orb.
     0 | D:1      | Reached XP level 1. HP: 12/12 MP: 1/1
     0 | D:1      | 0 ||| qw: Version: 0.3-a-106-g2cfff9e
     0 | D:1      | 0 ||| qw: Game counter: 2116
     0 | D:1      | 0 ||| qw: Melee chars always use a shield: true
     0 | D:1      | 0 ||| qw: God list: Okawaru
     0 | D:1      | 0 ||| qw: Allow faded altars: false
     0 | D:1      | 0 ||| qw: Do Orc after clearing Dungeon:15 true
     0 | D:1      | 0 ||| qw: Do second Lair branch before Depths: true
     0 | D:1      | 0 ||| qw: Lair rune preference: random
     0 | D:1      | 0 ||| qw: Goals: Normal, Save, Zot:1-4, Win
     0 | D:1      | 0 ||| PLANNING D:1-11
    63 | D:1      | Reached XP level 2. HP: 17/17 MP: 2/2
   284 | D:1      | Reached XP level 3. HP: 21/21 MP: 3/3
   429 | D:1      | Reached skill level 5 in Ranged Weapons
   512 | D:1      | 512 ||| UPGRADING to +2 cloak.
   517 | D:1      | 517 ||| READING scroll labelled WOANWO SETAFFE.
   518 | D:1      | 518 ||| READING scroll labelled XUXZOGI DYANTID.
   518 | D:1      | 518 ||| IDENTIFYING puce potion
   519 | D:1      | 519 ||| DRINKING 2 murky emerald potions.
   520 | D:1      | 520 ||| DROPPING scroll of butterflies.
   644 | D:1      | Found Galigaf's Antique Weapon Shop.
   760 | D:1      | 760 ||| UPGRADING to +0 ring mail.
   770 | D:1      | 770 ||| DROPPING +0 leather armour.
   771 | D:1      | 771 ||| READING scroll of identify.
   771 | D:1      | 771 ||| IDENTIFYING murky purple potion
   772 | D:1      | 772 ||| DROPPING potion of attraction.
   773 | D:1      | 773 ||| DROPPING potion of berserk rage.
   828 | D:2      | Reached skill level 1 in Armour
   969 | D:2      | Reached skill level 3 in Fighting
   969 | D:2      | Reached XP level 4. HP: 28/28 MP: 4/4
  1449 | D:2      | 1449 ||| READING 4 scrolls of identify.
  1449 | D:2      | 1449 ||| IDENTIFYING black potion
  1450 | D:2      | 1450 ||| READING 3 scrolls of identify.
  1450 | D:2      | 1450 ||| IDENTIFYING purple potion
  1451 | D:2      | 1451 ||| READING 2 scrolls of identify.
  1451 | D:2      | 1451 ||| IDENTIFYING clear potion
  1452 | D:2      | 1452 ||| READING scroll of identify.
  1452 | D:2      | 1452 ||| IDENTIFYING sedimented black potion
  1453 | D:2      | 1453 ||| READING scroll labelled TOLIUKHLUHID.
  1453 | D:2      | 1453 ||| ENCHANTING +0 ring mail.
  1454 | D:2      | 1454 ||| DROPPING potion of degeneration.
  2046 | D:3      | Noticed a scorpion
  2057 | D:3      | HP: 5/28 [scorpion (6)]
  2062 | D:3      | Killed a scorpion
  2063 | D:3      | Reached XP level 5. HP: 6/32 MP: 5/5
  2262 | D:3      | 2262 ||| UPGRADING to +0 pair of gloves.
  2267 | D:3      | 2267 ||| READING scroll of identify.
  2267 | D:3      | 2267 ||| IDENTIFYING cyan potion
  2268 | D:3      | 2268 ||| READING scroll labelled OLULIFR CUAT.
  2283 | D:4      | Found Qynaqad's Armour Shop.
  2285 | D:4      | Reached skill level 6 in Ranged Weapons
  2286 | D:4      | 2286 ||| STAIRDANCE
  2308 | D:4      | 2308 ||| STAIRDANCE
  2357 | D:4      | 2357 ||| STAIRDANCE
  2367 | D:3      | HP: 4/32 [gnoll/+0 flail (7)]
  2373 | D:3      | HP: 1/32 [orc/+0 club (2)]
  2378 | D:3      | HP: 1/32 [something (1)]
  2379 | D:3      | Slain by an orc wizard

Levels and vault maps discovered:
D:1:      grunt_arrival_crossed_arrows, layout_basic, serial_shops,
          nicolae_shop_tiny_real_fake_doors, palyth_stone_intersect,
          minmay_pentomino_o2
D:2:      layout_basic, kennysheep_potato
D:3:      layout_basic
D:4:      dreamdust_elfheim, layout_cave_pools, serial_shops,
          nicolae_shop_getting_attention

Skill      XL: |  1  2  3  4  5 |
---------------+----------------+-----
Ranged Weapons | 5 6 |  6.0
Armour         | 1 |  1.0
Fighting       | 3 |  3.6
Dodging        | |  1.5
Stealth        | |  1.1

Action                     |  1- 3 |  4- 6 || total
---------------------------+-------+-------++-------
   Fire: Shortbow          |   118 |   143 ||   261
    Use: Scroll            |     3 |     7 ||    10
         Potion            |     1 |       ||     1
 Armour: Leather armour    |    23 |       ||    23
         Ring mail         |    25 |   128 ||   153
  Dodge: Dodged            |    37 |    98 ||   135

Table legend:
 A = Non-vault XP
 B = Vault XP
 C = Vault XP percentage of total XP
 D = Non-vault monster count
 E = Vault monster count
 F = Vault count percentage of total count
                 A         B        C        D         E       F
            +---------+---------+-------+---------+---------+-------
      Total |     254 |       3 |   1.2 |      59 |       2 |   3.3
            +---------+---------+-------+---------+---------+-------
        D:1 |      51 |       2 |   3.8 |      29 |       1 |   3.3
        D:2 |      38 |       1 |   2.6 |       6 |       1 |  14.3
        D:3 |     162 |       0 |   0.0 |      23 |       0 |   0.0
        D:4 |       3 |       0 |   0.0 |       1 |       0 |   0.0
            +---------+---------+-------+---------+---------+-------
